[Event "FICS rated blitz game"]
[Site "FICS freechess.org"]
[FICSGamesDBGameNo "20000418"]
[White "Chaos"]
[Black "brouchek"]
[WhiteElo "1789"]
[BlackElo "1710"]
[WhiteRD "na"]
[BlackRD "na"]
[TimeControl "120+8"]
[Date "1999.04.11"]
[Time "20:31:00"]
[WhiteClock "0:02:00.000"]
[BlackClock "0:02:00.000"]
[ECO "D30"]
[PlyCount "79"]
[Result "1-0"]

1. d4 d5 2. Nf3 e6 3. c4 c6 4. cxd5 cxd5 5. Nc3 Nc6 6. Bf4 a6 7. e3 Nf6 8. Bd3 Be7 9. O-O b5 10. Ne5 Bb7 11. Bg3 O-O 12. f4 Nd7 13. Kh1 f5 14. Qh5 Rc8 15. Rac1 Ndxe5 16. fxe5 Qe8 17. Qh3 Na5 18. b3 Bc6 19. Ne2 Qf7 20. Bh4 g5 21. Be1 h5 22. Bxa5 h4 23. g3 g4 24. Qg2 Kg7 25. gxh4 Bxh4 26. Be1 Bg5 27. Qg1 Rh8 28. Bg3 Rh6 29. Bf4 Qe7 30. Bxg5 Qxg5 31. Nf4 g3 32. h3 Rch8 33. Qg2 Qg4 34. Rxc6 Rxh3+ 35. Nxh3 Rxh3+ 36. Kg1 Rh2 37. Qf3 Qh3 38. Rxe6 Rd2 39. Rg6+ Kh7 40. Qxg3 {Black resigns} 1-0

[Event "FICS rated blitz game"]
[Site "FICS freechess.org"]
[FICSGamesDBGameNo "20000417"]
[White "frankenschach"]
[Black "scanchess"]
[WhiteElo "1807"]
[BlackElo "1870"]
[WhiteRD "na"]
[BlackRD "na"]
[TimeControl "180+0"]
[Date "1999.04.11"]
[Time "14:43:00"]
[WhiteClock "0:03:00.000"]
[BlackClock "0:03:00.000"]
[ECO "A57"]
[PlyCount "50"]
[Result "0-1"]

1. d4 Nf6 2. c4 c5 3. d5 b5 4. cxb5 a6 5. Nc3 axb5 6. Nxb5 g6 7. Nf3 d6 8. e3 Bg7 9. Bc4 O-O 10. h3 Nbd7 11. O-O Nb6 12. Na3 Rxa3 13. bxa3 Nxc4 14. Rb1 Bf5 15. Rb3 Nb6 16. Bd2 Nfxd5 17. Ba5 Qc7 18. Nd2 Bd3 19. Re1 c4 20. Rb5 Qc6 21. a4 Nxa4 22. Qxa4 c3 23. Nf3 Bxb5 24. Qc2 Ra8 25. Bb4 Nxb4 {White resigns} 0-1

[Event "FICS rated blitz game"]
[Site "FICS freechess.org"]
[FICSGamesDBGameNo "20000416"]
[White "mestarimieli"]
[Black "artur"]
[WhiteElo "1458"]
[BlackElo "1352"]
[WhiteRD "na"]
[BlackRD "na"]
[TimeControl "300+0"]
[Date "1999.04.11"]
[Time "13:49:00"]
[WhiteClock "0:05:00.000"]
[BlackClock "0:05:00.000"]
[ECO "C41"]
[PlyCount "83"]
[Result "1-0"]

1. e4 e5 2. Nf3 d6 3. d4 exd4 4. Nxd4 Be7 5. Bc4 Nf6 6. Nc3 c6 7. f3 O-O 8. Be3 a5 9. h4 b5 10. Bd3 Ba6 11. h5 h6 12. Qd2 b4 13. Na4 Bxd3 14. cxd3 c5 15. Nf5 Nc6 16. Bxh6 d5 17. Bxg7 Re8 18. Qh6 Nh7 19. Bh8 Bf6 20. Bxf6 Qxf6 21. Qxf6 Nxf6 22. h6 dxe4 23. dxe4 Ne5 24. Nxc5 Rac8 25. Nb3 Nd3+ 26. Ke2 Nxb2 27. h7+ Nxh7 28. Nd6 Rc2+ 29. Ke3 Rd8 30. Kf4 Rxd6 31. Rh3 Nc4 32. Rah1 Rf6+ 33. Kg3 Rg6+ 34. Kf4 Ng5 35. Rh8+ Kg7 36. Nd4 Rxg2 37. Nf5+ Kf6 38. e5+ Ke6 39. Re8+ Kd7 40. Re7+ Kd8 41. Rh8+ Rg8 42. Rxg8# {Black checkmated} 1-0

[Event "FICS rated blitz game"]
[Site "FICS freechess.org"]
[FICSGamesDBGameNo "20000415"]
[White "DanB"]
[Black "nawp"]
[WhiteElo "1360"]
[BlackElo "1217"]
[WhiteRD "na"]
[BlackRD "na"]
[TimeControl "300+12"]
[Date "1999.04.11"]
[Time "11:50:00"]
[WhiteClock "0:05:00.000"]
[BlackClock "0:05:00.000"]
[ECO "B18"]
[PlyCount "79"]
[Result "1-0"]

1. e4 c6 2. d4 d5 3. Nc3 dxe4 4. Nxe4 Bf5 5. Ng3 Bg6 6. Nf3 e6 7. Ne5 Ne7 8. Bg5 f6 9. Nxg6 Nxg6 10. Be3 Bd6 11. Ne4 Bb4+ 12. c3 Ba5 13. Bd3 Nd7 14. Nd6+ Ke7 15. Nxb7 Qb6 16. Nxa5 Qxa5 17. O-O Kf7 18. Re1 Ne7 19. Bd2 Nd5 20. c4 Qb6 21. cxd5 cxd5 22. Bf4 g6 23. Be2 Qxb2 24. Qb1 Qxd4 25. Bd6 Nb6 26. Rd1 Qa4 27. Bb5 Qa5 28. a4 Nc4 29. Bxc4 dxc4 30. Bb4 Qc7 31. Qe4 Rab8 32. Bd6 Qb7 33. Qxc4 Rbc8 34. Qd4 Rhd8 35. h3 Rc6 36. Qb4 Qa6 37. Bg3 Rb6 38. Qh4 Rc8 39. Qxh7+ Kf8 40. Rd7 {Black forfeits on time} 1-0

[Event "FICS rated lightning game"]
[Site "FICS freechess.org"]
[FICSGamesDBGameNo "20000414"]
[White "tullio"]
[Black "BigBob"]
[WhiteElo "1327"]
[BlackElo "1415"]
[WhiteRD "na"]
[BlackRD "na"]
[TimeControl "120+0"]
[Date "1999.04.10"]
[Time "09:42:00"]
[WhiteClock "0:02:00.000"]
[BlackClock "0:02:00.000"]
[ECO "B32"]
[PlyCount "23"]
[Result "1-0"]

1. e4 c5 2. Nf3 Nc6 3. d4 cxd4 4. Nxd4 Nxd4 5. Qxd4 Qa5+ 6. Nc3 e5 7. Qd5 Nf6 8. Qxa5 d6 9. Bb5+ Bd7 10. Bxd7+ Nxd7 11. Nd5 Be7 12. Nc7+ {Black resigns} 1-0

[Event "FICS rated blitz game"]
[Site "FICS freechess.org"]
[FICSGamesDBGameNo "20000413"]
[White "theom"]
[Black "vbigmax"]
[WhiteElo "1514"]
[BlackElo "1029"]
[WhiteRD "na"]
[BlackRD "na"]
[TimeControl "300+0"]
[Date "1999.04.10"]
[Time "03:07:00"]
[WhiteClock "0:05:00.000"]
[BlackClock "0:05:00.000"]
[ECO "C50"]
[PlyCount "58"]
[Result "0-1"]

1. e4 e5 2. Nf3 Nc6 3. Bc4 d6 4. O-O Bg4 5. Nc3 Nf6 6. h3 Bh5 7. d3 Be7 8. Be3 O-O 9. Kh2 h6 10. Nd5 Nh7 11. Nxe7+ Qxe7 12. Rg1 Ng5 13. g4 Nxf3+ 14. Qxf3 Bg6 15. g5 hxg5 16. Rxg5 Nd4 17. Qg4 Ne6 18. Rxg6 fxg6 19. Qxg6 Rf6 20. Qg4 Kf8 21. Rg1 Ke8 22. Bxe6 Rxe6 23. Bg5 Qf7 24. f4 exf4 25. Bxf4 Rf6 26. Kg3 Ke7 27. Bg5 Rf8 28. Bxf6+ Qxf6 29. c3 Qf2# {White checkmated} 0-1

[Event "FICS rated blitz game"]
[Site "FICS freechess.org"]
[FICSGamesDBGameNo "20000412"]
[White "ianp"]
[Black "MartijnM"]
[WhiteElo "1725"]
[BlackElo "1893"]
[WhiteRD "na"]
[BlackRD "na"]
[TimeControl "300+0"]
[Date "1999.04.10"]
[Time "02:28:00"]
[WhiteClock "0:05:00.000"]
[BlackClock "0:05:00.000"]
[ECO "C30"]
[PlyCount "66"]
[Result "0-1"]

1. e4 e5 2. f4 Bc5 3. Nf3 d6 4. c3 Bg4 5. Be2 Nf6 6. d4 exd4 7. cxd4 Bb4+ 8. Bd2 Bxd2+ 9. Nbxd2 Nc6 10. Qa4 O-O 11. O-O Re8 12. e5 dxe5 13. fxe5 Nd5 14. Bc4 Be6 15. Rad1 Nb6 16. Qc2 Nb4 17. Qc1 Nxc4 18. Nxc4 Nxa2 19. Qc2 Nb4 20. Qe2 Nd5 21. Qe4 Qe7 22. b3 Nc3 23. Qc2 Nxd1 24. Rxd1 Bd5 25. Qc3 Bxf3 26. Qxf3 c6 27. Nd2 Red8 28. Ne4 Rd5 29. Qg3 Kh8 30. Ng5 Rad8 31. Qh4 h6 32. Qh5 Qxg5 33. Qxf7 Rxd4 {White resigns} 0-1

[Event "FICS rated blitz game"]
[Site "FICS freechess.org"]
[FICSGamesDBGameNo "20000411"]
[White "gfam"]
[Black "Tigas"]
[WhiteElo "1938"]
[BlackElo "1881"]
[WhiteRD "na"]
[BlackRD "na"]
[TimeControl "180+0"]
[Date "1999.04.10"]
[Time "01:29:00"]
[WhiteClock "0:03:00.000"]
[BlackClock "0:03:00.000"]
[ECO "E11"]
[PlyCount "99"]
[Result "1-0"]

1. d4 Nf6 2. c4 e6 3. Nf3 Bb4+ 4. Nbd2 Qe7 5. a3 Bxd2+ 6. Bxd2 Ne4 7. Bf4 f5 8. e3 d6 9. Bd3 O-O 10. O-O Nd7 11. Nd2 Ndf6 12. f3 Nxd2 13. Qxd2 Nh5 14. Bg3 Nxg3 15. hxg3 e5 16. d5 Qg5 17. Qf2 f4 18. gxf4 exf4 19. exf4 Rxf4 20. Rae1 Bd7 21. Re2 Raf8 22. Rfe1 Rxf3 23. Qd4 h6 24. Re7 R3f7 25. Rxf7 Rxf7 26. Qe4 Bf5 27. Qe8+ Rf8 28. Qe2 Bxd3 29. Qxd3 Qf5 30. Qe3 Qf4 31. Qe2 Qf7 32. b4 g5 33. a4 h5 34. a5 g4 35. Qe3 Kg7 36. Qxa7 g3 37. Qd4+ Kg8 38. Qe3 Qf2+ 39. Kh1 Rf4 40. Qe8+ Rf8 41. Qe6+ Rf7 42. Qg6+ Kf8 43. Qh6+ Kg8 44. Re8+ Rf8 45. Qg6+ Kh8 46. Qxh5+ Kg7 47. Qg5+ Kh7 48. Re7+ Rf7 49. Qh5+ Kg7 50. Qg4+ {Black forfeits on time} 1-0

[Event "FICS rated standard game"]
[Site "FICS freechess.org"]
[FICSGamesDBGameNo "20000409"]
[White "PSChong"]
[Black "akhalil"]
[WhiteElo "1720"]
[BlackElo "1734"]
[WhiteRD "na"]
[BlackRD "na"]
[TimeControl "900+0"]
[Date "1999.04.10"]
[Time "00:31:00"]
[WhiteClock "0:15:00.000"]
[BlackClock "0:15:00.000"]
[ECO "B92"]
[PlyCount "63"]
[Result "1-0"]

1. e4 c5 2. Nf3 d6 3. d4 cxd4 4. Nxd4 Nf6 5. Nc3 a6 6. Be3 e5 7. Nb3 Be6 8. Be2 Be7 9. O-O O-O 10. Qe1 b5 11. a3 Qc7 12. Rd1 Nc6 13. Kh1 Rfd8 14. f4 exf4 15. Bxf4 Bc4 16. Qg3 Bxe2 17. Nxe2 Nxe4 18. Qf3 f5 19. Ned4 Nxd4 20. Nxd4 Rf8 21. Ne6 Qxc2 22. Nxf8 Rxf8 23. Rc1 Qxb2 24. Rc7 Bf6 25. Rd7 Be5 26. Bxe5 Qxe5 27. Qb3+ Kh8 28. Qf7 Re8 29. Rxf5 Qa1+ 30. Rf1 Qe5 31. Qf8+ Rxf8 32. Rxf8# {Black checkmated} 1-0

[Event "FICS rated lightning game"]
[Site "FICS freechess.org"]
[FICSGamesDBGameNo "20000408"]
[White "todzo"]
[Black "PoisonedPawn"]
[WhiteElo "1710"]
[BlackElo "1703"]
[WhiteRD "na"]
[BlackRD "na"]
[TimeControl "120+0"]
[Date "1999.04.09"]
[Time "21:34:00"]
[WhiteClock "0:02:00.000"]
[BlackClock "0:02:00.000"]
[ECO "A43"]
[PlyCount "71"]
[Result "0-1"]

1. d4 c5 2. Nf3 cxd4 3. Nxd4 Nc6 4. Nxc6 bxc6 5. b3 g6 6. Bb2 Nf6 7. Nd2 Bg7 8. e3 O-O 9. Bd3 d5 10. c4 Qc7 11. O-O e5 12. cxd5 cxd5 13. Rc1 Qd6 14. Be2 Bf5 15. Nf3 Rfe8 16. Ng5 Ne4 17. Nxe4 Bxe4 18. Bf3 Bxf3 19. Qxf3 e4 20. Qe2 Bxb2 21. Qxb2 Rad8 22. Rc2 d4 23. exd4 Qxd4 24. Qxd4 Rxd4 25. Rfc1 e3 26. fxe3 Rxe3 27. Rc8+ Kg7 28. R8c7 Rf4 29. Rxa7 Re2 30. g3 Rff2 31. Rcc7 Rg2+ 32. Kf1 Rgf2+ 33. Kg1 Rg2+ 34. Kf1 Rgf2+ 35. Kg1 Rxa2 36. b4 {White resigns} 0-1

[Event "FICS rated blitz game"]
[Site "FICS freechess.org"]
[FICSGamesDBGameNo "20000407"]
[White "Urbino"]
[Black "aldair"]
[WhiteElo "1767"]
[BlackElo "1810"]
[WhiteRD "na"]
[BlackRD "na"]
[TimeControl "180+0"]
[Date "1999.04.09"]
[Time "16:18:00"]
[WhiteClock "0:03:00.000"]
[BlackClock "0:03:00.000"]
[ECO "C50"]
[PlyCount "70"]
[Result "0-1"]

1. e4 e5 2. Nf3 Nc6 3. Bc4 Bc5 4. O-O Nf6 5. d3 d6 6. Be3 Bb6 7. Re1 O-O 8. Nbd2 Be6 9. Nf1 Bxc4 10. dxc4 Bxe3 11. Rxe3 Qe7 12. Ng3 g6 13. h4 h5 14. Ng5 Ng4 15. Re1 Nd4 16. c3 Ne6 17. Nf3 Nf4 18. Ne2 Ne6 19. g3 Kg7 20. Nh2 Nf6 21. Kg2 Nh7 22. Ng1 f5 23. exf5 Rxf5 24. Ngf3 Raf8 25. Re3 Nf6 26. Qd2 Ng4 27. Nxg4 hxg4 28. Nh2 Rxf2+ 29. Qxf2 Rxf2+ 30. Kxf2 Qf7+ 31. Kg2 Nc5 32. Rf1 Qxc4 33. Ree1 Qxa2 34. Rf2 Qd5+ 35. Kg1 Nd3 {White resigns} 0-1

[Event "FICS rated blitz game"]
[Site "FICS freechess.org"]
[FICSGamesDBGameNo "20000406"]
[White "EmanuelLasker"]
[Black "Kingroche"]
[WhiteElo "2060"]
[BlackElo "2140"]
[WhiteRD "na"]
[BlackRD "na"]
[TimeControl "180+0"]
[Date "1999.04.09"]
[Time "13:32:00"]
[WhiteClock "0:03:00.000"]
[BlackClock "0:03:00.000"]
[ECO "B23"]
[PlyCount "75"]
[Result "1-0"]

1. e4 c5 2. Nc3 Nc6 3. f4 g6 4. Nf3 Bg7 5. Bb5 Nd4 6. Bd3 e6 7. Nxd4 cxd4 8. Nb5 d5 9. e5 Ne7 10. Nd6+ Kf8 11. O-O Nc6 12. b3 Qb6 13. a4 Bd7 14. Kh1 h5 15. Ba3 Kg8 16. Qe2 h4 17. Qg4 h3 18. gxh3 Ne7 19. Nxb7 Nf5 20. Nc5 Rh4 21. Nxd7 Qd8 22. Qf3 Qxd7 23. Bxf5 exf5 24. d3 Rc8 25. Rf2 Bf8 26. Bxf8 Kxf8 27. Qg3 Rh8 28. Rg1 Qe6 29. h4 Kg7 30. Qg5 Rh5 31. Qxh5 Rh8 32. Qg5 Qc6 33. e6 Qxe6 34. h5 Rh6 35. Rfg2 Qe3 36. hxg6 fxg6 37. Qxf5 Qf3 38. Qg4 {Black resigns} 1-0

[Event "FICS rated blitz game"]
[Site "FICS freechess.org"]
[FICSGamesDBGameNo "20000405"]
[White "densuprun"]
[Black "Davidov"]
[WhiteElo "1661"]
[BlackElo "1716"]
[WhiteRD "na"]
[BlackRD "na"]
[TimeControl "300+0"]
[Date "1999.04.09"]
[Time "12:06:00"]
[WhiteClock "0:05:00.000"]
[BlackClock "0:05:00.000"]
[ECO "B80"]
[PlyCount "106"]
[Result "0-1"]

1. e4 c5 2. Nf3 d6 3. d4 cxd4 4. Nxd4 Nf6 5. Nc3 a6 6. Be3 e6 7. f3 Nc6 8. Qd2 Be7 9. O-O-O O-O 10. g4 Nxd4 11. Bxd4 b5 12. h4 Bb7 13. h5 Nd7 14. g5 Bxg5 15. Be3 Bxe3 16. Qxe3 Rc8 17. Rxd6 Qc7 18. Rd2 Ne5 19. h6 g6 20. f4 Nc4 21. Bxc4 Qxc4 22. Qd4 Qxd4 23. Rxd4 f5 24. Rf1 fxe4 25. Nxe4 Bxe4 26. Rxe4 Rc4 27. Rxe6 Rcxf4 28. Rxf4 Rxf4 29. Rxa6 Rh4 30. Rb6 Rxh6 31. Rxb5 Rh2 32. Rb7 g5 33. a4 g4 34. a5 g3 35. Rb3 g2 36. Rg3+ Kf7 37. b4 Rh1+ 38. Kb2 g1=Q 39. Rxg1 Rxg1 40. Kb3 Ke6 41. Kc4 Kd6 42. Kb5 Kc7 43. c4 h5 44. Ka6 h4 45. b5 h3 46. c5 h2 47. b6+ Kb8 48. c6 h1=Q 49. Kb5 Rb1+ 50. Kc5 Qh5+ 51. Kd6 Rd1+ 52. Ke6 Qd5+ 53. Ke7 Re1+ {White resigns} 0-1

[Event "FICS rated blitz game"]
[Site "FICS freechess.org"]
[FICSGamesDBGameNo "20000404"]
[White "Centaur"]
[Black "DrFishHead"]
[WhiteElo "1821"]
[BlackElo "1788"]
[WhiteRD "na"]
[BlackRD "na"]
[TimeControl "240+0"]
[Date "1999.04.09"]
[Time "12:02:00"]
[WhiteClock "0:04:00.000"]
[BlackClock "0:04:00.000"]
[ECO "A40"]
[PlyCount "103"]
[Result "1-0"]

1. d4 e5 2. dxe5 Nc6 3. Nf3 Qe7 4. e3 Nxe5 5. Be2 Nf6 6. O-O g6 7. Nbd2 Bg7 8. b3 O-O 9. Bb2 d6 10. Nxe5 dxe5 11. Nc4 e4 12. Ba3 c5 13. Rb1 Be6 14. c3 b5 15. Nd2 b4 16. cxb4 cxb4 17. Bb2 Rfd8 18. Qe1 Rac8 19. Nc4 Ng4 20. Rd1 Bxc4 21. Bxg7 Bxe2 22. Qxe2 Qh4 23. h3 Nxe3 24. Qxe3 Kxg7 25. Qxa7 Rxd1 26. Rxd1 Rc2 27. Qd4+ Kh6 28. Rf1 f5 29. Qxb4 Rxa2 30. Qf8+ Kh5 31. Qg7 h6 32. b4 Qg5 33. Qd4 Rd2 34. Qc5 f4 35. Qxg5+ Kxg5 36. Rb1 e3 37. fxe3 fxe3 38. b5 Kf4 39. b6 Rd8 40. b7 Rb8 41. Kf1 Ke4 42. Ke2 h5 43. g3 Kd4 44. Rb4+ Kc5 45. Rb1 Kd4 46. g4 hxg4 47. hxg4 Ke4 48. Rb4+ Kd5 49. Kxe3 Kc6 50. Kf4 g5+ 51. Kxg5 Rg8+ 52. Kf6 {Black resigns} 1-0

[Event "FICS rated blitz game"]
[Site "FICS freechess.org"]
[FICSGamesDBGameNo "20000403"]
[White "pixel"]
[Black "elRubio"]
[WhiteElo "1515"]
[BlackElo "1386"]
[WhiteRD "na"]
[BlackRD "na"]
[TimeControl "120+12"]
[Date "1999.04.09"]
[Time "11:16:00"]
[WhiteClock "0:02:00.000"]
[BlackClock "0:02:00.000"]
[ECO "B57"]
[PlyCount "93"]
[Result "1-0"]

1. e4 c5 2. Nf3 d6 3. d4 cxd4 4. Nxd4 Nf6 5. Nc3 Nc6 6. Bc4 Nxd4 7. Qxd4 Bd7 8. O-O e6 9. Be3 Be7 10. Nb5 Nxe4 11. Qxe4 d5 12. Bxd5 exd5 13. Qxd5 O-O 14. Nc3 Qc7 15. Rad1 Bc6 16. Qh5 Bf6 17. Bd4 Bxd4 18. Rxd4 Rad8 19. Rfd1 Rxd4 20. Rxd4 Rd8 21. Qd1 Rxd4 22. Qxd4 f6 23. Qc4+ Kf8 24. Nd5 Qd6 25. Qb4 Qxb4 26. Nxb4 Ke7 27. Nxc6+ bxc6 28. Kf1 Kd6 29. Ke2 f5 30. Kd3 Kd5 31. c4+ Kc5 32. a3 a5 33. Kc3 g5 34. b4+ axb4+ 35. axb4+ Kd6 36. Kd4 h5 37. f3 c5+ 38. bxc5+ Kc6 39. g3 f4 40. gxf4 gxf4 41. h4 Kc7 42. Kd5 Kd7 43. c6+ Kc7 44. c5 Kd8 45. Kd6 Kc8 46. c7 Kb7 47. Kd7 {Black resigns} 1-0

[Event "FICS rated blitz game"]
[Site "FICS freechess.org"]
[FICSGamesDBGameNo "20000402"]
[White "MansBlo"]
[Black "VicVega"]
[WhiteElo "1436"]
[BlackElo "1420"]
[WhiteRD "na"]
[BlackRD "na"]
[TimeControl "240+0"]
[Date "1999.04.09"]
[Time "06:42:00"]
[WhiteClock "0:04:00.000"]
[BlackClock "0:04:00.000"]
[ECO "B23"]
[PlyCount "58"]
[Result "0-1"]

1. e4 c5 2. Nc3 d6 3. Bc4 a6 4. a3 Nc6 5. Nf3 Nf6 6. d3 e6 7. Bg5 Be7 8. Qd2 O-O 9. h4 h6 10. Bf4 Nd4 11. Nxd4 cxd4 12. Ne2 e5 13. Bg3 Bg4 14. f3 Bd7 15. f4 Bg4 16. fxe5 dxe5 17. Bxe5 Re8 18. Nxd4 Bxa3 19. Bxf6 Qxf6 20. Rxa3 Qxd4 21. Qf4 Be6 22. Bxe6 Rxe6 23. Rb3 b5 24. Rf1 Rf6 25. Qg3 Rc8 26. Rxf6 Qxf6 27. Qg4 Rxc2 28. Rc3 Qf2+ 29. Kd1 Qd2# {White checkmated} 0-1

[Event "FICS rated blitz game"]
[Site "FICS freechess.org"]
[FICSGamesDBGameNo "20000401"]
[White "MansBlo"]
[Black "mansenglund"]
[WhiteElo "1475"]
[BlackElo "1362"]
[WhiteRD "na"]
[BlackRD "na"]
[TimeControl "180+0"]
[Date "1999.04.09"]
[Time "02:29:00"]
[WhiteClock "0:03:00.000"]
[BlackClock "0:03:00.000"]
[ECO "C55"]
[PlyCount "23"]
[Result "1-0"]

1. e4 e5 2. Nf3 Nc6 3. Bc4 Nf6 4. d3 d5 5. exd5 Nxd5 6. Nc3 Nxc3 7. bxc3 e4 8. Ng5 exd3 9. Bxf7+ Ke7 10. Ba3+ Kf6 11. Qf3+ Kxg5 12. Bc1+ {Black resigns} 1-0

[Event "FICS rated blitz game"]
[Site "FICS freechess.org"]
[FICSGamesDBGameNo "20000400"]
[White "Alby"]
[Black "abducted"]
[WhiteElo "1201"]
[BlackElo "1342"]
[WhiteRD "na"]
[BlackRD "na"]
[TimeControl "300+0"]
[Date "1999.04.08"]
[Time "21:41:00"]
[WhiteClock "0:05:00.000"]
[BlackClock "0:05:00.000"]
[ECO "C47"]
[PlyCount "64"]
[Result "0-1"]

1. e4 e5 2. Nf3 Nc6 3. Nc3 Nf6 4. Bc4 d6 5. d4 exd4 6. Nxd4 Ne5 7. Bd5 c5 8. Nf3 Nxd5 9. Qxd5 Bg4 10. Qxb7 Nxf3+ 11. gxf3 Bxf3 12. Rg1 Be7 13. Qc6+ Kf8 14. Rg3 Bh5 15. Bf4 Bg6 16. Nb5 Rc8 17. Qd5 Qa5+ 18. c3 Qxb5 19. Qd4 Qxb2 20. Qd3 Qxa1+ 21. Ke2 Qxa2+ 22. Kf3 Qe6 23. c4 Bf6 24. Kg2 Re8 25. Re3 Qg4+ 26. Bg3 Bxe4+ 27. f3 Bxd3 28. fxg4 Rxe3 29. Bf2 Re2 30. h4 Bxc4 31. Kf3 Be5 32. g5 Ke7 {White resigns} 0-1

[Event "FICS rated blitz game"]
[Site "FICS freechess.org"]
[FICSGamesDBGameNo "20000399"]
[White "shutka"]
[Black "Miha"]
[WhiteElo "1952"]
[BlackElo "1961"]
[WhiteRD "na"]
[BlackRD "na"]
[TimeControl "180+0"]
[Date "1999.04.08"]
[Time "16:06:00"]
[WhiteClock "0:03:00.000"]
[BlackClock "0:03:00.000"]
[ECO "C72"]
[PlyCount "133"]
[Result "1-0"]

1. e4 e5 2. Nf3 Nc6 3. Bb5 a6 4. Ba4 d6 5. O-O Bg4 6. d3 Nf6 7. Nbd2 Be7 8. c3 O-O 9. Qc2 h6 10. h3 Bh5 11. Nh2 b5 12. Bb3 Na5 13. f4 Nxb3 14. axb3 exf4 15. Rxf4 Bg6 16. Ndf3 Nd7 17. Nd4 Ne5 18. Rf1 Qd7 19. Bf4 c5 20. Ndf3 Bf6 21. Nxe5 dxe5 22. Bxh6 gxh6 23. Rxf6 Kg7 24. Raxa6 Rxa6 25. Rxa6 Rd8 26. Ng4 Qxd3 27. Qxd3 Rxd3 28. Nxe5 Rd1+ 29. Kh2 Bxe4 30. Ra7 Bd5 31. c4 Be6 32. cxb5 Rd6 33. Ra6 Rd2 34. b6 Bd5 35. Kg3 Rxg2+ 36. Kf4 Rxb2 37. Nd3 Rxb3 38. Nxc5 Rxh3 39. Ke5 Bh1 40. b7 Bxb7 41. Nxb7 Rf3 42. Nd6 h5 43. Nf5+ Kg8 44. Kf6 h4 45. Ra8+ Kh7 46. Ra4 Rf1 47. Rxh4+ Kg8 48. Rg4+ Kh7 49. Rg7+ Kh8 50. Rxf7 Kg8 51. Rb7 Kh8 52. Rb4 Kh7 53. Rh4+ Kg8 54. Rg4+ Kh7 55. Kg5 Kg8 56. Nh6+ Kf8 57. Rb4 Ke7 58. Rb6 Kd7 59. Ng4 Kc7 60. Rh6 Rg1 61. Rf6 Kb7 62. Rf5 Kc7 63. Rf4 Kb7 64. Kf5 Kc7 65. Re4 Kd6 66. Rd4+ Kc5 67. Rd8 {Black forfeits on time} 1-0

[Event "FICS rated blitz game"]
[Site "FICS freechess.org"]
[FICSGamesDBGameNo "20000398"]
[White "Chessnuts"]
[Black "MansBlo"]
[WhiteElo "1430"]
[BlackElo "1485"]
[WhiteRD "na"]
[BlackRD "na"]
[TimeControl "180+0"]
[Date "1999.04.08"]
[Time "14:45:00"]
[WhiteClock "0:03:00.000"]
[BlackClock "0:03:00.000"]
[ECO "D06"]
[PlyCount "80"]
[Result "0-1"]

1. d4 d5 2. c4 Nf6 3. Nc3 Bf5 4. Bg5 e6 5. e3 Bb4 6. Ne2 h6 7. Bf4 Nh5 8. a3 Nxf4 9. Nxf4 Bd6 10. c5 Bxf4 11. exf4 Nc6 12. Bb5 Qh4 13. g3 Qf6 14. O-O O-O 15. Bxc6 bxc6 16. b4 Rfb8 17. Kg2 a5 18. Qd2 axb4 19. axb4 Qg6 20. Rxa8 Rxa8 21. Qb2 Qg4 22. Qc1 Qh3+ 23. Kg1 Bg4 24. f3 Bf5 25. g4 Bd3 26. Re1 Qxf3 27. Qd2 Qxg4+ 28. Qg2 Qxf4 29. Ne2 Qe3+ 30. Kf1 Ra2 31. Qf2 Bxe2+ 32. Rxe2 Qxe2+ 33. Qxe2 Rxe2 34. Kxe2 Kh7 35. Kf3 Kg6 36. h3 Kf5 37. h4 e5 38. dxe5 Kxe5 39. b5 cxb5 40. c6 f5 {White forfeits on time} 0-1

[Event "FICS rated blitz game"]
[Site "FICS freechess.org"]
[FICSGamesDBGameNo "20000397"]
[White "gandalf"]
[Black "nawp"]
[WhiteElo "1093"]
[BlackElo "1217"]
[WhiteRD "na"]
[BlackRD "na"]
[TimeControl "300+12"]
[Date "1999.04.08"]
[Time "13:36:00"]
[WhiteClock "0:05:00.000"]
[BlackClock "0:05:00.000"]
[ECO "B12"]
[PlyCount "90"]
[Result "0-1"]

1. d4 c6 2. e4 d5 3. e5 Bf5 4. g4 Be4 5. f3 Bg6 6. h4 h6 7. Bd3 Bxd3 8. Qxd3 e6 9. c3 Be7 10. Nh3 Bxh4+ 11. Ke2 Bg5 12. Nd2 Ne7 13. Nxg5 Ng6 14. Nb3 hxg5 15. Rxh8+ Nxh8 16. Qh7 Ng6 17. Nc5 Qe7 18. Qxg7 Qf8 19. Qf6 Nd7 20. Nxd7 Kxd7 21. Bxg5 Qe7 22. Qg7 Qxg5 23. Qxf7+ Kc8 24. Qxe6+ Kc7 25. Qd6+ Kb6 26. Qc5+ Kc7 27. Rh1 Nf4+ 28. Kd1 Qg6 29. b4 Qd3+ 30. Kc1 Ne2+ 31. Kb2 Qd2+ 32. Kb3 Qd3 33. Rh7+ Qxh7 34. Qd6+ Kb6 35. c4 Qb1+ 36. Ka3 dxc4 37. Qc5+ Kc7 38. Qd6+ Kb6 39. Qc5+ Kc7 40. Qd6+ Kc8 41. Qf8+ Kc7 42. Qd6+ Kc8 43. Qf8+ Kd7 44. Qxa8 Qc1+ 45. Ka4 Nc3+ {White resigns} 0-1

[Event "FICS rated blitz game"]
[Site "FICS freechess.org"]
[FICSGamesDBGameNo "20000396"]
[White "Alias"]
[Black "FoxMate"]
[WhiteElo "1787"]
[BlackElo "1844"]
[WhiteRD "na"]
[BlackRD "na"]
[TimeControl "300+0"]
[Date "1999.04.08"]
[Time "13:16:00"]
[WhiteClock "0:05:00.000"]
[BlackClock "0:05:00.000"]
[ECO "B30"]
[PlyCount "52"]
[Result "0-1"]

1. e4 c5 2. Nf3 Nc6 3. d3 e6 4. g3 d5 5. Nbd2 Nf6 6. Qe2 Be7 7. Bg2 O-O 8. O-O b6 9. h4 Bb7 10. Nh2 Nd4 11. Qd1 e5 12. c3 Nc6 13. exd5 Nxd5 14. Nc4 b5 15. Ne3 Nxe3 16. Bxe3 f5 17. Qe2 Bd6 18. Bd5+ Kh8 19. c4 bxc4 20. dxc4 f4 21. Bd2 Nd4 22. Qe4 Bxd5 23. cxd5 Nf5 24. Kg2 Nxh4+ 25. gxh4 Qxh4 26. Rh1 f3+ {White resigns} 0-1

[Event "FICS rated blitz game"]
[Site "FICS freechess.org"]
[FICSGamesDBGameNo "20000395"]
[White "artfil"]
[Black "flojo"]
[WhiteElo "1698"]
[BlackElo "1795"]
[WhiteRD "na"]
[BlackRD "na"]
[TimeControl "180+0"]
[Date "1999.04.08"]
[Time "11:41:00"]
[WhiteClock "0:03:00.000"]
[BlackClock "0:03:00.000"]
[ECO "B01"]
[PlyCount "66"]
[Result "0-1"]

1. e4 d5 2. exd5 Qxd5 3. Nc3 Qa5 4. d4 Nf6 5. Nf3 Nc6 6. h3 Bf5 7. Bd3 Bxd3 8. Qxd3 O-O-O 9. Be3 e5 10. d5 Nxd5 11. O-O Nxc3 12. Qxc3 Qxc3 13. bxc3 f6 14. a4 a6 15. Rfb1 Rd5 16. Rb3 Bc5 17. Bxc5 Rxc5 18. Rab1 b6 19. Ne1 e4 20. f3 f5 21. fxe4 fxe4 22. g4 Rf8 23. Ng2 Rf3 24. Kh2 Rcxc3 25. Rb4 Rxh3+ 26. Kg1 Nxb4 27. Rxb4 e3 28. Re4 Rxc2 29. Nxe3 Re2 30. Rf4 Rhxe3 31. Rf8+ Kb7 32. Rf7 Ra3 33. Rxg7 Ra1# {White checkmated} 0-1